[ AOE2 MATCH · #459101988 ]
Team RMVikings vs Ethiopians
[ REPLAY ANALYSIS · EXTRACTED FROM THE RECORDED GAME ]
Feudal
11:17
Castle
—
Imperial
—
| APM avg | 15.3 |
| APM peak | 29 |
| eAPM avg | 8.9 |
| Villagers / military | 35 / 4 |
Focus
⚔️ 13.0% · 🌾 87.0%
Spearman ×4
Feudal
9:30
Castle
—
Imperial
—
| APM avg | 44.0 |
| APM peak | 85 |
| eAPM avg | 17.0 |
| Villagers / military | 55 / 40 |
Focus
⚔️ 24.1% · 🌾 75.9%
Archer ×38 · Spearman ×2
Feudal
11:11
Castle
—
Imperial
—
| APM avg | 23.6 |
| APM peak | 62 |
| eAPM avg | 9.4 |
| Villagers / military | 26 / 5 |
Focus
⚔️ 17.2% · 🌾 82.8%
Scout Cavalry ×5
Feudal
11:44
Castle
17:40
Imperial
—
| APM avg | 14.0 |
| APM peak | 49 |
| eAPM avg | 7.6 |
| Villagers / military | 30 / 5 |
Focus
⚔️ 7.1% · 🌾 92.9%
Spearman ×3 · Scout Cavalry ×2
Match map
Initial resources + every placement click. Lines = walls · curves = elevation contours. ◆ gold · ⬟ stone · ● berries · ✦ relic · ◌ wall gap
Inputs per minute
— hoiKINpig - - NTM.daniel.echeverri3
Build order — hoiKINpig
69 actions detected in the replay
| 0:06 | Build | House |
| 0:07 | Build | House |
| 0:08 | Create | Villager (Male) |
| 0:08 | Create | Villager (Male) |
| 0:08 | Create | Villager (Male) |
| 0:08 | Create | Villager (Male) |
| 0:09 | Create | Villager (Male) |
| 1:37 | Create | Villager (Male) |
| 1:38 | Create | Villager (Male) |
| 2:00 | Build | Lumber Camp |
| 2:12 | Create | Villager (Male) |
| 2:12 | Create | Villager (Male) |
| 2:37 | Create | Villager (Male) |
| 2:37 | Create | Villager (Male) |
| 2:37 | Create | Villager (Male) |
| 3:04 | Create | Villager (Male) |
| 3:04 | Create | Villager (Male) |
| 3:23 | Create | Villager (Male) |
| 3:23 | Create | Villager (Male) |
| 4:08 | Create | Villager (Male) |
| 4:08 | Create | Villager (Male) |
| 4:49 | Build | House |
| 5:07 | Create | Villager (Male) |
| 5:07 | Create | Villager (Male) |
| 5:07 | Create | Villager (Male) |
| 5:08 | Create | Villager (Male) |
| 5:15 | Build | House |
| 5:28 | Build | Palisade Wall |
| 5:33 | Build | Palisade Wall |
| 5:44 | Build | Mill |
| 6:23 | Create | Villager (Male) |
| 6:24 | Create | Villager (Male) |
| 6:24 | Create | Villager (Male) |
| 6:24 | Create | Villager (Male) |
| 6:24 | Create | Villager (Male) |
| 7:18 | Build | Barracks |
| 7:25 | Create | Villager (Male) |
| 7:25 | Create | Villager (Male) |
| 8:00 | Build | Palisade Wall |
| 8:36 | Research | Loom |
| 9:07 | Research | Feudal Age |
| 9:22 | Build | Mining Camp |
| 9:33 | Build | Mining Camp |
| 9:59 | Build | House |
| 10:16 | Build | Palisade Wall |
| 10:29 | Build | House |
| 10:37 | Build | Palisade Wall |
| 11:17 | Age | Feudal Age |
| 11:28 | Build | Farm |
| 11:31 | Build | Farm |
| 11:33 | Build | Farm |
| 11:35 | Build | Farm |
| 11:39 | Build | Farm |
| 12:06 | Create | Spearman |
| 12:06 | Create | Spearman |
| 12:06 | Create | Spearman |
| 12:07 | Create | Spearman |
| 12:40 | Create | Villager (Male) |
| 14:01 | Build | Farm |
| 14:03 | Build | Farm |
| 14:27 | Build | Farm |
| 14:56 | Build | Watch Tower |
| 15:19 | Build | Market |
| 15:45 | Create | Villager (Male) |
| 16:41 | Create | Villager (Male) |
| 16:41 | Create | Villager (Male) |
| 16:41 | Create | Villager (Male) |
| 16:45 | Create | Villager (Male) |
| 17:13 | Build | Market |
Build order — NTM.daniel.echeverri3
140 actions detected in the replay
| 0:01 | Create | Villager (Male) |
| 0:01 | Create | Villager (Male) |
| 0:01 | Create | Villager (Male) |
| 0:01 | Create | Villager (Male) |
| 0:02 | Create | Villager (Male) |
| 0:02 | Create | Villager (Male) |
| 0:03 | Build | House |
| 0:05 | Build | House |
| 1:39 | Create | Villager (Male) |
| 1:39 | Create | Villager (Male) |
| 1:53 | Build | Lumber Camp |
| 2:07 | Create | Villager (Male) |
| 2:07 | Create | Villager (Male) |
| 2:07 | Create | Villager (Male) |
| 2:32 | Create | Villager (Male) |
| 2:32 | Create | Villager (Male) |
| 2:32 | Create | Villager (Male) |
| 2:46 | Create | Villager (Male) |
| 2:46 | Create | Villager (Male) |
| 2:46 | Create | Villager (Male) |
| 2:59 | Build | House |
| 3:01 | Build | House |
| 3:21 | Create | Villager (Male) |
| 3:21 | Create | Villager (Male) |
| 3:21 | Create | Villager (Male) |
| 3:41 | Create | Villager (Male) |
| 3:41 | Create | Villager (Male) |
| 3:41 | Create | Villager (Male) |
| 4:15 | Create | Villager (Male) |
| 4:16 | Create | Villager (Male) |
| 4:16 | Create | Villager (Male) |
| 4:16 | Create | Villager (Male) |
| 4:48 | Create | Villager (Male) |
| 4:48 | Create | Villager (Male) |
| 5:09 | Create | Villager (Male) |
| 5:09 | Create | Villager (Male) |
| 5:32 | Create | Villager (Male) |
| 5:32 | Create | Villager (Male) |
| 5:32 | Create | Villager (Male) |
| 5:48 | Build | Mining Camp |
| 6:33 | Research | Loom |
| 7:20 | Research | Feudal Age |
| 7:59 | Build | Barracks |
| 8:08 | Create | Villager (Male) |
| 8:08 | Create | Villager (Male) |
| 8:08 | Create | Villager (Male) |
| 9:06 | Build | House |
| 9:19 | Build | House |
| 9:20 | Build | House |
| 9:24 | Build | Palisade Wall |
| 9:30 | Age | Feudal Age |
| 9:38 | Build | Stable |
| 9:45 | Build | Archery Range |
| 9:53 | Create | Spearman |
| 9:53 | Create | Spearman |
| 10:12 | Create | Villager (Male) |
| 10:12 | Create | Villager (Male) |
| 10:23 | Research | Double-Bit Axe |
| 10:31 | Build | Archery Range |
| 10:35 | Create | Archer |
| 10:35 | Create | Archer |
| 10:36 | Create | Archer |
| 10:50 | Create | Villager (Male) |
| 10:57 | Create | Villager (Male) |
| 11:12 | Build | Mill |
| 11:17 | Create | Archer |
| 11:17 | Create | Archer |
| 11:17 | Create | Archer |
| 11:29 | Build | House |
| 11:31 | Build | House |
| 11:44 | Create | Archer |
| 11:44 | Create | Archer |
| 11:45 | Create | Archer |
| 12:06 | Build | Palisade Wall |
| 12:15 | Create | Villager (Male) |
| 12:15 | Create | Villager (Male) |
| 12:15 | Create | Villager (Male) |
| 12:21 | Build | Farm |
| 12:37 | Build | Palisade Gate |
| 12:45 | Build | Palisade Wall |
| 12:52 | Create | Archer |
| 12:52 | Create | Archer |
| 12:53 | Create | Archer |
| 13:04 | Create | Villager (Male) |
| 13:05 | Create | Villager (Male) |
| 13:07 | Build | Farm |
| 13:57 | Create | Villager (Male) |
| 13:58 | Create | Villager (Male) |
| 14:00 | Create | Archer |
| 14:00 | Create | Archer |
| 14:00 | Create | Archer |
| 14:00 | Create | Archer |
| 14:01 | Create | Archer |
| 14:03 | Create | Villager (Male) |
| 14:03 | Create | Villager (Male) |
| 14:20 | Build | Farm |
| 14:20 | Build | Farm |
| 14:21 | Build | Farm |
| 14:21 | Build | Farm |
| 14:21 | Build | Farm |
| 14:21 | Build | Farm |
| 14:22 | Build | Farm |
| 14:22 | Build | Farm |
| 14:22 | Build | Farm |
| 14:22 | Build | Farm |
| 14:51 | Build | Farm |
| 15:02 | Create | Archer |
| 15:03 | Create | Archer |
| 15:03 | Create | Archer |
| 15:03 | Create | Archer |
| 15:39 | Research | Wheelbarrow |
| 15:41 | Create | Archer |
| 15:41 | Create | Archer |
| 15:42 | Create | Archer |
| 15:42 | Create | Archer |
| 15:42 | Create | Archer |
| 15:52 | Create | Archer |
| 15:52 | Create | Archer |
| 16:19 | Create | Villager (Male) |
| 16:34 | Build | House |
| 16:35 | Build | House |
| 16:37 | Build | House |
| 16:42 | Build | Palisade Wall |
| 16:45 | Build | Palisade Wall |
| 16:50 | Create | Villager (Male) |
| 16:53 | Build | House |
| 16:55 | Build | House |
| 17:27 | Create | Villager (Male) |
| 17:27 | Create | Villager (Male) |
| 17:38 | Create | Villager (Male) |
| 18:16 | Create | Archer |
| 18:16 | Create | Archer |
| 18:17 | Create | Archer |
| 18:17 | Create | Archer |
| 18:17 | Create | Archer |
| 18:18 | Create | Archer |
| 18:18 | Create | Archer |
| 18:18 | Create | Archer |
| 18:18 | Create | Archer |
| 18:19 | Create | Archer |
Build order — Volgogrado
66 actions detected in the replay
| 0:08 | Create | Villager (Male) |
| 0:08 | Create | Villager (Male) |
| 0:08 | Create | Villager (Male) |
| 0:09 | Create | Villager (Male) |
| 0:10 | Build | House |
| 0:11 | Build | House |
| 1:43 | Create | Villager (Male) |
| 1:44 | Create | Villager (Male) |
| 2:01 | Create | Villager (Male) |
| 2:02 | Create | Villager (Male) |
| 2:31 | Build | Lumber Camp |
| 3:06 | Create | Villager (Male) |
| 3:23 | Create | Villager (Male) |
| 3:24 | Create | Villager (Male) |
| 3:52 | Build | House |
| 5:12 | Build | Mill |
| 5:16 | Create | Villager (Male) |
| 5:18 | Create | Villager (Male) |
| 5:49 | Create | Villager (Male) |
| 6:03 | Create | Villager (Male) |
| 6:15 | Create | Villager (Male) |
| 6:27 | Build | House |
| 7:21 | Create | Villager (Male) |
| 7:28 | Create | Villager (Male) |
| 8:09 | Create | Villager (Male) |
| 9:01 | Research | Feudal Age |
| 10:36 | Build | Mill |
| 10:40 | Create | Villager (Male) |
| 10:41 | Create | Villager (Male) |
| 11:11 | Age | Feudal Age |
| 11:27 | Build | House |
| 12:03 | Create | Villager (Male) |
| 12:17 | Research | Double-Bit Axe |
| 12:21 | Research | Horse Collar |
| 12:42 | Create | Villager (Male) |
| 12:43 | Create | Villager (Male) |
| 12:44 | Research | Loom |
| 13:13 | Build | Mining Camp |
| 13:18 | Build | Farm |
| 13:19 | Build | Farm |
| 13:20 | Build | Farm |
| 13:21 | Build | Farm |
| 13:22 | Build | Farm |
| 13:23 | Build | Farm |
| 13:48 | Create | Villager (Male) |
| 13:49 | Create | Villager (Male) |
| 14:10 | Build | House |
| 14:39 | Build | Barracks |
| 14:59 | Build | Blacksmith |
| 15:41 | Build | Market |
| 15:52 | Build | Stable |
| 16:13 | Build | Palisade Wall |
| 16:31 | Build | Farm |
| 16:34 | Build | Farm |
| 16:37 | Build | Farm |
| 16:40 | Create | Scout Cavalry |
| 16:45 | Create | Scout Cavalry |
| 16:54 | Research | Castle Age |
| 17:18 | Create | Scout Cavalry |
| 17:32 | Build | Stable |
| 17:54 | Research | Scale Barding Armor |
| 17:55 | Research | Forging |
| 18:05 | Build | Farm |
| 18:08 | Build | Farm |
| 18:11 | Create | Scout Cavalry |
| 18:16 | Create | Scout Cavalry |
Build order — Ragnar
67 actions detected in the replay
| 0:01 | Create | Villager (Male) |
| 0:01 | Create | Villager (Male) |
| 0:02 | Create | Villager (Male) |
| 0:03 | Build | House |
| 0:05 | Build | House |
| 0:25 | Create | Villager (Male) |
| 0:26 | Create | Villager (Male) |
| 1:46 | Create | Villager (Male) |
| 1:56 | Build | Lumber Camp |
| 2:02 | Create | Villager (Male) |
| 2:39 | Create | Villager (Male) |
| 2:58 | Create | Villager (Male) |
| 3:18 | Create | Villager (Male) |
| 3:53 | Create | Villager (Male) |
| 4:02 | Build | Mill |
| 4:12 | Create | Villager (Male) |
| 4:21 | Build | House |
| 5:08 | Create | Villager (Male) |
| 5:48 | Create | Villager (Male) |
| 5:49 | Create | Villager (Male) |
| 5:49 | Create | Villager (Male) |
| 5:49 | Create | Villager (Male) |
| 6:44 | Create | Villager (Male) |
| 7:02 | Create | Villager (Male) |
| 7:48 | Build | House |
| 7:52 | Research | Loom |
| 7:53 | Create | Villager (Male) |
| 8:10 | Build | Mining Camp |
| 8:24 | Create | Villager (Male) |
| 8:52 | Create | Villager (Male) |
| 9:34 | Research | Feudal Age |
| 9:51 | Create | Villager (Male) |
| 9:51 | Create | Villager (Male) |
| 9:54 | Create | Villager (Male) |
| 9:54 | Create | Villager (Male) |
| 10:42 | Build | Farm |
| 10:51 | Build | Farm |
| 11:08 | Build | House |
| 11:19 | Build | Barracks |
| 11:32 | Build | House |
| 11:44 | Age | Feudal Age |
| 11:49 | Build | Blacksmith |
| 12:08 | Build | Market |
| 12:33 | Build | Farm |
| 13:11 | Build | Farm |
| 13:26 | Create | Villager (Male) |
| 13:44 | Create | Spearman |
| 13:44 | Create | Spearman |
| 14:12 | Build | House |
| 14:31 | Build | Farm |
| 14:43 | Build | Farm |
| 15:00 | Research | Castle Age |
| 15:00 | Research | Castle Age |
| 15:36 | Build | Stable |
| 15:55 | Create | Spearman |
| 16:11 | Create | Scout Cavalry |
| 16:21 | Build | House |
| 16:26 | Build | Farm |
| 17:09 | Create | Scout Cavalry |
| 17:23 | Build | House |
| 17:27 | Build | Farm |
| 17:30 | Create | Villager (Male) |
| 17:40 | Age | Castle Age |
| 17:40 | Create | Villager (Male) |
| 18:01 | Build | Town Center |
| 18:19 | Build | Lumber Camp |
| 18:27 | Create | Villager (Male) |
Match timeline
| 5:28 | hoiKINpig · wall_segment Palisade Wall x6 |
| 5:33 | hoiKINpig · wall_segment Palisade Wall x4 |
| 7:18 | hoiKINpig · first_building Barracks |
| 7:59 | NTM.daniel.echeverri3 · first_building Barracks |
| 8:00 | hoiKINpig · wall_segment Palisade Wall x5 |
| 9:24 | NTM.daniel.echeverri3 · wall_segment Palisade Wall x3 |
| 9:30 | NTM.daniel.echeverri3 · age_up feudal |
| 9:38 | NTM.daniel.echeverri3 · first_building Stable |
| 9:45 | NTM.daniel.echeverri3 · first_building Archery Range |
| 10:16 | hoiKINpig · wall_segment Palisade Wall x9 |
| 10:37 | hoiKINpig · wall_segment Palisade Wall x28 |
| 11:11 | Volgogrado · age_up feudal |
| 11:17 | hoiKINpig · age_up feudal |
| 11:19 | Ragnar · first_building Barracks |
| 11:44 | Ragnar · age_up feudal |
| 12:06 | NTM.daniel.echeverri3 · wall_segment Palisade Wall x15 |
| 12:45 | NTM.daniel.echeverri3 · wall_segment Palisade Wall x3 |
| 14:39 | Volgogrado · first_building Barracks |
| 15:36 | Ragnar · first_building Stable |
| 15:52 | Volgogrado · first_building Stable |
| 16:13 | Volgogrado · wall_segment Palisade Wall x9 |
| 16:42 | NTM.daniel.echeverri3 · wall_segment Palisade Wall x8 |
| 16:45 | NTM.daniel.echeverri3 · wall_segment Palisade Wall x5 |
| 17:40 | Ragnar · age_up castle |
| 18:16 | hoiKINpig · resign |
[ AI ANALYSIS · 1 CREDIT ]
What really happened in this match?
Wolo.gg analyzes every decision: build order, eco, micro, common mistakes by bracket. Personalized analysis on WhatsApp or Discord in 30 seconds.
Civ guide
Vikings
Map guide
Arabia
Perfil
Jugador #970764